 Dungeon Crawl Stone Soup version 0.29-a0-82-g837932c90e (webtiles) character file.

Game seed: 12376396639935930595

1601 enile the Sneak (level 8, -3/57 HPs)
             Began as an Octopode Brigand on Feb 4, 2022.
             Was a Priest of Qazlal.
             Slain by an orc warrior (17 damage)
             ... on level 7 of the Dungeon.
             The game lasted 00:14:06 (7235 turns).

enile the Sneak (Octopode Brigand)                  Turns: 7235, Time: 00:14:06

Health: -3/57      AC:  2    Str: 12    XL:     8   Next: 94%
Magic:  0/11       EV: 15    Int: 13    God:    Qazlal [***...]
Gold:   397        SH:  4    Dex: 14    Spells: 5/9 levels left

rFire   . . .      SeeInvis +   q - +0 dagger (elec)
rCold   . . .      Faith    .   (no shield)
rNeg    . . .      Spirit   +   (helmet restricted)
rPois   .          Reflect  .   d - amulet of guardian spirit
rElec   .          Harm     .   j - ring of see invisible
rCorr   .          Rampage  .   (no ring)
Will    .....                   (no ring)
Stlth   +++.......              (no ring)
HPRegen 0.19/turn               (no ring)
MPRegen 0.12/turn               (no ring)
                                (no ring)
                                (no ring)

@: weak-willed
A: almost no armour, amphibious, 8 rings, camouflage 1, gelatinous body 1,
(nimble swimmer 1), tentacles, shaggy fur 1, no potion heal 1
a: Renounce Religion, Upheaval, Elemental Force


You were on level 7 of the Dungeon.
You worshipped Qazlal.
Qazlal was most pleased with you.
You visited 1 branch of the dungeon, and saw 7 of its levels.

You collected 397 gold pieces.

Inventory:

Hand Weapons
 a - a +2 dagger
 q - a +0 dagger of electrocution (weapon)
 r - a +3 trident
 t - a +2 quarterstaff of chaos
Missiles
 b - 12 poisoned darts (quivered)
 c - 2 curare-tipped darts
 m - 3 atropa-tipped darts
Jewellery
 d - an amulet of guardian spirit (around mantle)
 j - a ring of see invisible (left tentacle)
Wands
 i - a wand of digging (4)
 v - a wand of iceblast (14)
 x - a wand of polymorph (6)
Scrolls
 f - 4 scrolls of fog {unknown}
 h - a scroll of blinking {unknown}
 l - 5 scrolls of identify {unknown}
 u - a scroll of noise {unknown}
Potions
 e - a potion of attraction {unknown}
 k - a potion of flight
 n - a potion of mutation
 p - a potion of magic
 s - a potion of lignification {unknown}
 w - a potion of haste
 z - a potion of cancellation


   Skills:
 - Level 6.0 Fighting
 + Level 3.4 Short Blades
 - Level 2.0 Throwing
 - Level 6.0 Dodging
 - Level 6.0 Stealth
 - Level 1.0 Spellcasting
 - Level 4.0 Transmutations
 - Level 2.0 Poison Magic
 - Level 4.0 Invocations


You had 5 spell levels left.
You knew the following spells:

 Your Spells              Type           Power      Damage    Failure   Level
a - Beastly Appendage     Tmut           22%        N/A       5%          1
b - Spider Form           Tmut/Pois      8%         N/A       24%         3

Your spell library contained the following spells:

 Spells                   Type           Power      Damage    Failure   Level
 Wereblood                Tmut           11%        N/A       9%          2
 Animate Skeleton         Necr           0%         N/A       28%         1
 Apportation              Tloc           0%         N/A       28%         1
 Summon Small Mammal      Summ           0%         N/A       28%         1
 Confusing Touch          Hex            0%         N/A       63%         3
 Gell's Gravitas          Tloc           0%         N/A       63%         3
 Lesser Beckoning         Tloc           0%         N/A       63%         3
 Teleport Other           Tloc           0%         N/A       63%         3
 Fulminant Prism          Conj/Hex       0%         3d6       95%         4
 Iskenderun's Mystic Bla  Conj/Tloc      0%         2d3       95%         4
 Yara's Violent Unravell  Hex/Tmut       2%         3d3       98%         5
 Lee's Rapid Deconstruct  Erth           0%         3d5*      100%        5
 Enfeeble                 Hex            0%         N/A       100%        7


Dungeon Overview and Level Annotations

Branches:
Dungeon (7/15)             Temple (0/1) D:5

Altars:
Fedhas
Gozag
Qazlal
Trog
Zin


Innate Abilities, Weirdness & Mutations

You cannot wear most types of armour.
You are amphibious.
You can wear up to eight rings at the same time.
Your skin changes colour to match your surroundings (Stealth+).
Your rubbery body absorbs attacks. (AC +1, EV +1)
((You are camouflaged when in or above water. (Stealth+)))
You have tentacles for arms and can constrict up to eight enemies at once.
You are covered in fur. (AC +1)
Potions are less effective at restoring your health.


Message History

An orc comes into view. It is wielding a +0 dagger.
An orc comes into view. It is wielding a +0 trident.
The orc priest invokes the aid of Beogh against you.
Beogh smites you!
Your transformation is almost over.
There is a stone staircase leading down here.
You climb downwards.
The bullfrog gives a loud, deep croak!
You hear a shout!
There is a stone staircase leading up here.
You hit the orc warrior but do no damage.
Lightning courses through the orc warrior!
Your grab misses the orc warrior. Your squeeze misses the orc warrior.
The orc warrior is heavily wounded.
The orc warrior hits you with a +0 war axe!!
You hit the orc warrior but do no damage.
You grab the orc warrior.
You pierce the orc warrior.
The orc warrior is heavily wounded.
You constrict the orc warrior, but do no damage.
A white imp comes into view.
The orc warrior hits you with a +0 war axe!!
Okay, then.
Casting: Beastly Appendage (safe; 5% risk of failure)
Confirm with . or Enter, or press ? or * to list all spells.
Okay, then.
As you read the scroll labelled PEEMOR ZAAWNO, it crumbles to dust.
Magic quickly surges around you.
It was a scroll of vulnerability.
Your tentacle spike disappears.
You constrict the orc warrior, but do no damage.
You block the bullfrog's attack.
A kobold brigand comes into view.
It is wielding a +1 vampiric dagger and quivering poisoned darts.
You block the orc warrior's attack.
As you read the scroll labelled UDIMOETASI, it crumbles to dust.
You feel aware of your surroundings.
It was a scroll of magic mapping.
You constrict the orc warrior, but do no damage.
The bullfrog barely misses you. x2
The white imp gestures at you. The puff of frost hits you.
* * * LOW HITPOINT WARNING * * *
The orc warrior hits you with a +0 war axe!!
You die...

,*
*****,,,,,,,,,,*******
,***,,,,,,,,*******
,,,,,,,,,,,,*
,,,,,***,.,,*
,,,,,***,..,*
,,**,,,***#K##########
*,****,,,,,..........#
*,* ****##.##...F...#
*,*******.5.....@o...#
,,,,,,,,,.##.#..○....#
,,**********,#########
,** *,* ,***********,*
,,,,,,,,,,,,,*
************** ***
,,**


You could see an orc warrior (weak-willed), a kobold brigand, a bullfrog
(weak-willed) and a white imp (weak-willed).

Vanquished Creatures
  A yak (D:4)
  A steam dragon (D:4)
  An ice beast (D:5)
  A sky beast (D:6)
  2 black bears
  A necrophage (D:6)
  2 ogres
  A kobold brigand (D:6)
  A bullfrog (D:5)
  A water moccasin skeleton (D:4)
  A howler monkey (D:6)
  A centaur skeleton (D:4)
  3 orc priests
  Crazy Yiuf (D:5)
  Jessica (D:2)
  3 orc wizards
  4 gnolls (D:3)
  8 adders
  An ufetubus (D:6)
  A worm (D:2)
  An adder skeleton (D:4)
  3 dart slugs (D:1)
  15 orcs
  10 ball pythons
  3 endoplasms
  4 giant cockroaches
  7 goblins
  7 hobgoblins
  6 jackals (D:1)
  7 kobolds
  4 quokkas
  6 bats
  3 frilled lizards
  4 rats
116 creatures vanquished.

Notes
Turn   | Place    | Note
-------+----------+-------------------------------------------
     0 | D:1      | enile the Octopode Brigand began the quest for the Orb.
     0 | D:1      | Reached XP level 1. HP: 14/14 MP: 1/1
   219 | D:1      | Reached XP level 2. HP: 17/19 MP: 2/2
   624 | D:1      | Reached XP level 3. HP: 20/24 MP: 3/3
   758 | D:1      | Found a faded altar of an unknown god.
   765 | D:1      | Prayed at the altar of an unknown god.
   765 | D:1      | Became a worshipper of Qazlal Stormbringer
   765 | D:1      | Reached * piety under Qazlal
  1496 | D:2      | Reached XP level 4. HP: 31/31 MP: 4/4
  1498 | D:2      | Noticed Jessica
  1507 | D:2      | Killed Jessica
  1992 | D:3      | Learned a level 1 spell: Beastly Appendage
  2002 | D:3      | Reached ** piety under Qazlal
  2259 | D:3      | Reached XP level 5. HP: 21/36 MP: 4/6
  2577 | D:3      | Reached skill level 1 in Transmutations
  2701 | D:3      | Found a bloodstained altar of Trog.
  2788 | D:3      | Noticed an ogre
  2798 | D:3      | Killed an ogre
  2799 | D:3      | Reached XP level 6. HP: 15/42 MP: 1/7
  3973 | D:4      | Found a blossoming altar of Fedhas.
  3974 | D:4      | Found an opulent altar of Gozag.
  3975 | D:4      | Found a glowing silver altar of Zin.
  3975 | D:4      | Found a stormy altar of Qazlal.
  4076 | D:4      | Reached XP level 7. HP: 40/48 MP: 6/9
  4270 | D:4      | Noticed a yak
  4276 | D:4      | Killed a yak
  4276 | D:4      | Noticed a steam dragon
  4277 | D:4      | Reached skill level 1 in Spellcasting
  4288 | D:4      | Gained mutation: You are covered in fur. (AC +1) [potion of
                  | mutation]
  4288 | D:4      | Gained mutation: Potions are less effective at restoring
                  | your health. [potion of mutation]
  4292 | D:4      | Killed a steam dragon
  4292 | D:4      | Reached *** piety under Qazlal
  4298 | D:4      | Learned a level 3 spell: Spider Form
  4753 | D:5      | Entered Level 5 of the Dungeon
  4917 | D:5      | Found a runed translucent door.
  4918 | D:5      | Noticed Crazy Yiuf
  4990 | D:5      | Reached skill level 5 in Fighting
  4990 | D:5      | Reached XP level 8. HP: 48/55 MP: 7/11
  5117 | D:5      | Found a staircase to the Ecumenical Temple.
  5759 | D:5      | Reached skill level 5 in Dodging
  6375 | D:5      | Killed Crazy Yiuf
  7235 | D:7      | Slain by an orc warrior

Illustrated notes

Levels and vault maps discovered:
D:1:      minmay_arrival_split_and_join, layout_loops_corners,
          dreamdust_ecumenical_altar_statues
D:2:      layout_basic, uniq_jessica
D:3:      layout_loops_ring, lemuel_round_altar
D:4:      layout_cave_pools, mainiacjoe_overflow_alcove_3, minmay_small_thing
D:5:      layout_loops_corners, minmay_temple_entry_statues_fountains,
          uniq_crazy_yiuf_cottage
D:6:      layout_cave_pods, gammafunk_temple_overflow_wave
D:7:      layout_rooms, minmay_misc_feat_square, minmay_misc_feat_columns,
          lemuel_old_faithful

Skill      XL: |  1  2  3  4  5  6  7  8 |
---------------+-------------------------+-----
Dodging        | 2 3 4 6 |  6.0
Stealth        | 6 |  6.0
Fighting       | 3 4 5 6 |  6.0
Invocations    | 2 3 4 |  4.0
Short Blades   | 3 |  3.4
Transmutations | 2 3 4 |  4.0
Spellcasting   | 1 |  1.0
Poison Magic   | 2 |  2.0
Throwing       | |  2.0

Action                   |  1- 3 |  4- 6 |  7- 9 || total
-------------------------+-------+-------+-------++-------
Melee: Dagger            |    70 |   121 |   101 ||   292
       Constrict         |    20 |    32 |    14 ||    66
       Tentacles         |    14 |    20 |    18 ||    52
       Punch             |     1 |     2 |     3 ||     6
       Kick              |       |    31 |    19 ||    50
       Unarmed           |       |       |    18 ||    18
Throw: Dart              |       |     1 |     7 ||     8
       Throwing net      |       |     2 |       ||     2
 Cast: Beastly Appendage |       |    17 |    12 ||    29
       Spider Form       |       |       |     5 ||     5
Invok: Upheaval          |       |       |     1 ||     1
  Use: Potion            |       |       |     6 ||     6
       Scroll            |       |       |     2 ||     2
 Stab: Sleeping          |     5 |       |       ||     5
       Distracted        |     1 |       |       ||     1
Armor: Skin              |     4 |     5 |    41 ||    50
Dodge: Dodged            |    53 |    72 |    69 ||   194
Block: Other             |     2 |    11 |    19 ||    32

Table legend: (Time is in decaauts)
 A = Elapsed time spent in this place.
 B = Non-inter-level travel time spent in this place.
 C = Inter-level travel time spent in this place.
 D = Time resting spent in this place.
 E = Time spent auto-exploring this place.
 F = Levels seen in this place.
 G = Mean time per level.
                   A        B        C        D        E       F      G
               +--------+--------+--------+--------+--------+-----+--------+
         Total |   7193 |   7108 |     85 |    181 |   5980 |   7 | 1027.6 |
       Dungeon |   7193 |   7108 |     85 |    181 |   5980 |   7 | 1027.6 |
               +--------+--------+--------+--------+--------+-----+--------+

Top non-repeatable levels by time:
     D:5: 1785 daAuts
     D:3: 1479 daAuts
     D:1: 1327 daAuts
     D:4: 1267 daAuts
     D:6: 679 daAuts
     D:2: 649 daAuts
     D:7: 3 daAuts
